 Dungeon Crawl Stone Soup version 0.31.0-12-g77e489cdc1 (webtiles) character file.

Game seed: 3657208176418889921

5172 Silvore the Carver (level 10, -1/91 HPs)
             Began as a Demonspawn Fighter on Feb 16, 2024.
             Was the Champion of Jiyva.
             Slain by a komodo dragon (20 damage)
             ... on level 11 of the Dungeon.
             The game lasted 00:08:23 (6615 turns).

Silvore the Carver (Demonspawn Fighter)             Turns: 6615, Time: 00:08:24

Health: -1/91      AC: 18    Str: 19    XL:     10   Next: 34%
Magic:  10/10      EV:  6    Int: 14    God:    Jiyva [******]
Gold:   562        SH:  5    Dex: 11    Spells: 9/9 levels left

rFire   . . .        a - +0 long sword (heavy)
rCold   . . .        c - +0 buckler
rNeg    . . .        g - +0 plate armour
rPois   +            w - +0 helmet
rElec   .            (no cloak)
rCorr   +            (no gloves)
SInv    +            t - +0 pair of boots
Will    .....        (no amulet) Stlth
                     n - ring of poison resistance
HPRegen 1.95/turn    r - ring of flight
MPRegen 0.92/turn

%: resist mutation
@: marked, flying
A: hooves 2, icy blue scales 1, demonic guardian 2, ignite blood 1, clever 1,
mutation resistance 3, robust 2, eyeballs 3, MP-powered wands
a: Renounce Religion, Oozemancy, Slimify


You were on level 11 of the Dungeon.
You worshipped Jiyva.
Jiyva was exalted by your worship.
You visited 1 branch of the dungeon, and saw 11 of its levels.

You collected 562 gold pieces.

Inventory:

Hand Weapons
 a - a +0 heavy long sword (weapon)
Missiles
 o - a throwing net (quivered)
Armour
 b - a +0 scale mail
 c - a +0 buckler (worn)
 g - a +0 plate armour (worn)
 t - a +0 pair of boots (worn)
 w - a +0 helmet (worn)
Jewellery
 d - a ring of ice
 e - a +6 ring of dexterity
 h - a ring of ice
 n - a ring of poison resistance (left hand)
 r - a ring of flight (right hand)
 F - a +4 ring of slaying
 J - a +6 ring of dexterity
Wands
 y - a wand of roots (7)
 B - a wand of flame (33)
 G - a wand of polymorph (1)
Scrolls
 f - a scroll of poison
 p - 8 scrolls of teleportation
 C - a scroll of fear
 D - a scroll of revelation
 E - a scroll of brand weapon
 I - a scroll of blinking
Potions
 i - 2 potions of lignification
 j - 2 potions of haste
 k - a potion of attraction
 l - a potion of magic
 m - a potion of heal wounds {unknown}
 q - a potion of resistance {unknown}
 s - 3 potions of berserk rage
 u - 2 potions of enlightenment {unknown}
 v - a potion of curing
 x - a potion of might
 z - 2 potions of brilliance {unknown}
 A - 3 potions of cancellation


   Skills:
 + Level 6.2 Fighting
 + Level 9.2 Long Blades
 + Level 8.1 Armour
 + Level 1.1 Dodging
 + Level 3.4 Stealth
 + Level 5.4 Shields


You had 9 spell levels left.
You didn't know any spells.
Your spell library contained the following spells:

 Spells                   Type           Power      Damage    Failure   Level
 Kiss of Death            Conj/Necr      0%         2d5       100%        1
 Necrotise                Necr           0%         1d4       100%        1
 Confusing Touch          Hex            0%         N/A       100%        3
 Vampiric Draining        Necr           0%         2d6       100%        3
 Animate Dead             Necr           0%         N/A       100%        4
 Dispel Undead            Necr           0%         3d6       100%        4
 Martyr's Knell           Necr/Summ      0%         N/A       100%        4
 Curse of Agony           Necr           0%         N/A       100%        5
 Haunt                    Necr/Summ      0%         N/A       100%        7
 Infestation              Necr           0%         N/A       100%        8


Dungeon Overview and Level Annotations

Branches:
Dungeon (10/15)            Temple (0/1) D:6             Orc (0/2) D:9
   Lair: D:8-11

Altars:
Cheibriados
Makhleb
Ru
Yredelemnul
Jiyva

Shops:
D:2 :

Annotations:
D:4 1 runed translucent door
D:8 1 transporter


Innate Abilities, Weirdness & Mutations

You have hoof-like feet.
You are partially covered in icy blue scales. (AC +2)
A demonic guardian rushes to your aid.
Your demonic aura sometimes causes spilled blood to erupt in flames.
Your mind is acute. (Int +4, Str/Dex -1)
You are almost entirely resistant to further mutation and mutation removal.
You are very robust. (+20% HP)
Your body is covered in eyes which may confuse attackers. (Acc +7, SInv)
You expend magic power (3 MP) to strengthen your wands.


Message History

The komodo dragon is moderately wounded.
The komodo dragon bites you but does no damage.
The komodo dragon bites you!
You hit the komodo dragon.
The komodo dragon is moderately wounded.
The komodo dragon bites you but does no damage.
You slice the komodo dragon!!
The komodo dragon is severely wounded.
The komodo dragon bites you!
The two-headed ogre barely misses you. x2
The eyeballs on your body gaze at the two-headed ogre.
The komodo dragon bites you but does no damage.
You slash the two-headed ogre!
The two-headed ogre is moderately wounded.
The komodo dragon bites you but does no damage.
The two-headed ogre is engulfed in blazing flames.
The two-headed ogre barely misses you. x2
You catch the helpless two-headed ogre completely off-guard!
You hit the two-headed ogre but do no damage.
The two-headed ogre is severely wounded.
The komodo dragon barely misses you.
The two-headed ogre is engulfed in blazing flames.
The two-headed ogre hits you but does no damage.
The two-headed ogre hits you with a +0 giant club!
The komodo dragon bites you!
You hit the two-headed ogre but do no damage.
The two-headed ogre is severely wounded.
You block the komodo dragon's attack.
The two-headed ogre is engulfed in blazing flames.
You slash the komodo dragon!
The komodo dragon is almost dead.
The komodo dragon bites you!
* * * LOW HITPOINT WARNING * * *
Unknown command.
You hit the komodo dragon but do no damage.
The komodo dragon is almost dead.
The komodo dragon bites you!
* * * LOW HITPOINT WARNING * * *
The two-headed ogre barely misses you. You block the two-headed ogre's attack.
The komodo dragon bites you!!
You die...

.............).....
#...................#
#.......#..........##
##......###........##
###......# ##......##
........## ##....##
.........## ##....##
....$...O.###....##
......l@...#....##
..........[....##
..............##
.............##
............##
#..........##
##........##
##......## ....#


You could see a two-headed ogre (confused) and a komodo dragon.

Vanquished Creatures
  Sigmund (D:3)
  2 wraiths (D:9)
  6 yaks (D:9)
  A wyvern (D:8)
  A steam dragon (D:8)
  2 wargs (D:9)
  2 water moccasins
  An acid dragon (D:9)
  A sky beast (D:6)
  An orc warrior (D:6)
  3 centaurs
  2 phantoms (D:5)
  A bullfrog (D:8)
  A kobold brigand (D:8)
  3 scorpions
  3 wights (D:8)
  9 killer bees
  3 howler monkeys
  A hound (D:5)
  3 orc priests
  Crazy Yiuf (D:5)
  2 human skeletons (D:4)
  4 iguanas
  An orc wizard (D:9)
  Robin (D:3)
  3 adders
  8 gnolls
  4 river rats (D:6)
  3 shadow imps
  2 white imps
  4 ufetubi
  4 dart slugs
  18 orcs
  6 ball pythons
  5 bats
  2 endoplasms (D:1)
  2 giant cockroaches
  11 goblins
  5 hobgoblins
  2 jackals (D:3)
  4 quokkas
  4 frilled lizards
  A goblin skeleton (D:4)
  12 kobolds
  7 rats
163 creatures vanquished.

Vanquished Creatures (collateral kills)
  A two-headed ogre (D:8)
  A water moccasin (D:9)
  An acid dragon (D:9)
  An electric eel (D:9)
  A gnoll (D:7)
5 creatures vanquished.

Vanquished Creatures (others)
  A scorpion (D:7)
  A wight (D:8)
  An orc priest (D:8)
  8 jellies
  Terence (D:2)
  An orc wizard (D:8)
  A dart slug (D:3)
  An orc (D:8)
  A ball python (D:2)
  A bat (D:3)
  A giant cockroach (D:3)
  2 goblins
20 creatures vanquished.

Grand Total: 188 creatures vanquished

Notes
Turn   | Place    | Note
-------+----------+-------------------------------------------
     0 | D:1      | Silvore the Demonspawn Fighter began the quest for the Orb.
     0 | D:1      | Reached XP level 1. HP: 18/18 MP: 1/1
   374 | D:1      | Gained mutation: You have large cloven feet. [demonic
                  | ancestry]
   374 | D:1      | Reached XP level 2. HP: 24/24 MP: 2/2
   404 | D:1      | Reached skill level 2 in Long Blades
   733 | D:1      | Found a faded altar of an unknown god.
   736 | D:1      | Prayed at the altar of an unknown god.
   736 | D:1      | Became a worshipper of Jiyva Jottosys the Shapeless
   736 | D:1      | Reached * piety under Jiyva
   956 | D:2      | Gained mutation: Your demonic aura sometimes causes spilled
                  | blood to erupt in flames. [demonic ancestry]
   956 | D:2      | Reached XP level 3. HP: 28/29 MP: 3/3
  1088 | D:2      | Reached ** piety under Jiyva
  1239 | D:2      | Found a snail-covered altar of Cheibriados.
  1262 | D:2      | Killed Terence
  1327 | D:2      | Found Peff's Book Shoppe.
  1647 | D:3      | Noticed Robin
  1671 | D:3      | Gained mutation: You are partially covered in icy blue
                  | scales. (AC +2) [demonic ancestry]
  1671 | D:3      | Reached XP level 4. HP: 35/35 MP: 4/4
  1672 | D:3      | Killed Robin
  1758 | D:3      | Reached *** piety under Jiyva
  1865 | D:3      | Noticed Sigmund
  1876 | D:3      | Killed Sigmund
  1877 | D:3      | Reached skill level 4 in Long Blades
  1877 | D:3      | Reached XP level 5. HP: 38/42 MP: 5/5
  1986 | D:3      | Gained mutation: A weak demonic guardian rushes to your
                  | aid. [demonic ancestry]
  1986 | D:3      | Reached XP level 6. HP: 48/48 MP: 6/6
  2359 | D:4      | Gained mutation: Your body has grown eyes which may confuse
                  | attackers. (Acc +3) [Jiyva's grace]
  2359 | D:4      | Gained mutation: Your body has grown many eyes which may
                  | confuse attackers. (Acc +5) [Jiyva's grace]
  2359 | D:4      | Gained mutation: Your body is covered in eyes which may
                  | confuse attackers. (Acc +7, SInv) [Jiyva's grace]
  2359 | D:4      | Gained mutation: Your mind is acute. (Int +4, Str/Dex -1)
                  | [Jiyva's grace]
  2367 | D:4      | Identified the +4 ring mail of the Hot Ocelot {Str+3 Dex+7
                  | Slay-5}
  2492 | D:4      | Found a runed translucent door.
  2492 | D:4      | Noticed a human
  2546 | D:4      | Found a basalt altar of Yredelemnul.
  2645 | D:4      | Reached **** piety under Jiyva
  2943 | D:5      | Entered Level 5 of the Dungeon
  2954 | D:5      | Reached skill level 5 in Long Blades
  2954 | D:5      | Reached XP level 7. HP: 53/53 MP: 7/7
  3350 | D:5      | Found a runed translucent door.
  3351 | D:5      | Noticed Crazy Yiuf
  3388 | D:5      | Killed Crazy Yiuf
  3684 | D:5      | Reached ***** piety under Jiyva
  3758 | D:6      | Gained mutation: You expend magic power (3 MP) to
                  | strengthen your wands. [Jiyva's grace]
  3758 | D:6      | Gained mutation: You are covered in slimy tendrils that may
                  | disarm your opponents. [Jiyva's grace]
  3758 | D:6      | Gained mutation: You are robust. (+10% HP) [Jiyva's grace]
  3758 | D:6      | Gained mutation: You are very robust. (+20% HP) [Jiyva's
                  | grace]
  3879 | D:6      | Reached skill level 6 in Long Blades
  3879 | D:6      | Reached skill level 1 in Stealth
  3942 | D:6      | Found a staircase to the Ecumenical Temple.
  3963 | D:6      | Reached XP level 8. HP: 70/73 MP: 8/8
  4467 | D:7      | Found a sacrificial altar of Ru.
  4601 | D:7      | Reached skill level 5 in Armour
  4806 | D:7      | Reached skill level 5 in Fighting
  5025 | D:8      | Reached skill level 7 in Long Blades
  5114 | D:8      | Reached skill level 1 in Dodging
  5140 | D:8      | Gained mutation: A demonic guardian rushes to your aid.
                  | [demonic ancestry]
  5140 | D:8      | Reached XP level 9. HP: 32/81 MP: 9/9
  5242 | D:8      | Reached ****** piety under Jiyva
  5391 | D:8      | Noticed a two-headed ogre
  5397 | D:8      | Killed a two-headed ogre
  5429 | D:8      | Reached skill level 8 in Long Blades
  5498 | D:8      | Found a burning altar of Makhleb.
  5510 | D:8      | Found a transporter.
  5725 | D:9      | Reached skill level 5 in Shields
  5766 | D:9      | Gained mutation: You have hoof-like feet. [demonic
                  | ancestry]
  5766 | D:9      | Reached XP level 10. HP: 64/91 MP: 10/10
  5930 | D:9      | Lost mutation: You are very robust. (+20% HP) [Jiyva's
                  | grace]
  5930 | D:9      | Lost mutation: You are covered in slimy tendrils that may
                  | disarm your opponents. [Jiyva's grace]
  5930 | D:9      | Gained mutation: You are somewhat resistant to further
                  | mutation. [Jiyva's grace]
  5930 | D:9      | Gained mutation: You are somewhat resistant to both further
                  | mutation and mutation removal. [Jiyva's grace]
  5930 | D:9      | Gained mutation: You are almost entirely resistant to
                  | further mutation and mutation removal. [Jiyva's grace]
  5930 | D:9      | Gained mutation: You are very robust. (+20% HP) [Jiyva's
                  | grace]
  6179 | D:9      | Found a staircase to the Orcish Mines.
  6189 | D:9      | Reached skill level 9 in Long Blades
  6559 | D:10     | Entered Level 10 of the Dungeon
  6572 | D:10     | You are sucked into a shaft and drop 1 floor!
  6605 | D:11     | Noticed a two-headed ogre
  6615 | D:11     | Slain by a komodo dragon

Illustrated notes

Levels and vault maps discovered:
D:1:      dpeg_chamrin_arrival_tetris, layout_loops_ring,
          hellmonk_ecumenical_altar_inner_sanctum
D:2:      layout_basic, basic_altar, serial_shops, nicolae_book_shop_shelving,
          uniq_terence
D:3:      layout_basic, nicolae_concentric_dashed_squares_wild, uniq_sigmund,
          uniq_robin
D:4:      layout_basic, dk_yredelemnul_ordeal
D:5:      layout_basic, kennysheep_generic_room_5, uniq_crazy_yiuf_cottage
D:6:      wad_woods_tower, layout_rooms, dreamdust_wishing_well
D:7:      layout_layer_cave, lemuel_crystal_altar, minmay_misc_feat_enclosed
D:8:      layout_loops_ring, lightli_temple_of_fire, nicolae_diode_basic
D:9:      cheibrodos_helix_gallery, layout_long_grid, david_orc_1_choice
D:10:     layout_loops_ring, mainiacjoe_overflow_brackets,
          hellmonk_lair_entry_icy, gammafunk_ghost_hydra_chop, serial_ice,
          serial_ice_a, serial_ice_c, serial_ice_m, serial_ice_d, serial_ice_i,
          serial_ice_o, serial_ice_f, serial_ice_n, serial_shops, shop
D:11:     layout_big_octagon, minmay_sticks_and_stones

Skill      XL: |  1  2  3  4  5  6  7  8  9 10 |
---------------+-------------------------------+-----
Long Blades    | 2 4 5 6 7 8 9 |  9.2
Armour         | 3 4 5 7 8 |  8.1
Shields        | 3 4 5 |  5.4
Fighting       | 4 5 6 |  6.2
Stealth        | 1 2 3 |  3.4
Dodging        | 1 |  1.1

Action                     |  1- 3 |  4- 6 |  7- 9 | 10-12 || total
---------------------------+-------+-------+-------+-------++-------
  Melee: Long sword        |   121 |   109 |   201 |    74 ||   505
         Kick              |    20 |    36 |    61 |       ||   117
    Use: Scroll            |     7 |     4 |     3 |     2 ||    16
         Potion            |     1 |       |     1 |       ||     2
   Stab: Confused          |       |       |     8 |     3 ||    11
 Armour: Plate armour      |    95 |   116 |   319 |    92 ||   622
         Scale mail        |     1 |       |       |       ||     1
  Dodge: Dodged            |    27 |    28 |    63 |    36 ||   154
  Block: Buckler           |    26 |    26 |    72 |    26 ||   150
